AoeStats
← JAGR | STYLORD

Marketplace

504068271Analyzed
1v1 RM · 28d ago on Sep 3, 2026· 25m 45s· 2 players
Game mode
Random Map
Map size
Tiny (2 player)
Population
200
Speed
Normal
Resources
Standard
Victory
Conquest
Starting age
Dark Age
Ending age
Imperial Age
RankedLock teamsTeams togetherTeam positionsShared explorationLock speedFull tech treeHidden civsTurbo modeCheats
Victory
Defeat
🇬🇧 Mongols · United Kingdom
1235
+15
🇵🇪 Teutons · Peru
1216
-15
JAGR | STYLORD
7:14 Loom
9:42 Feudal Age
23:55 Castle Age
22:57 Fletching
25:42 Padded Archer Armor
custard
3:37 Loom
9:45 Feudal Age
9:54 Man-at-Arms
10:48 Double-Bit Axe
16:05 Wheelbarrow
19:44 Castle Age
21:15 Fletching
21:26 Padded Archer Armor
21:19 Horse Collar
22:15 Husbandry
25:01 Bloodlines
24:49 Bodkin Arrow
Connection lost

Rejoining the realm…

Still unreachable

The connection could not be restored.

Session expired

The server has moved on; the page needs a fresh start.